 Dungeon Crawl Stone Soup version 0.24-a0-164-g56e1b8f (webtiles) character file.

Game seed: 14270448401753351027

248 galech the Skirmisher (level 5, 0/42 HPs)
             Began as a Demonspawn Fighter on Mar 6, 2019.
             Killed by nerve-wracking pain
             ... invoked by an orc priest
              (10 damage)
             ... on level 4 of the Dungeon.
             The game lasted 00:04:03 (3374 turns).

galech the Skirmisher (Demonspawn Fighter)          Turns: 3374, Time: 00:04:03

Health: 0/42       AC: 11    Str: 19    XL:     5   Next: 86%
Magic:  5/5        EV:  7    Int:  9    God:
Gold:   131        SH:  8    Dex: 14    Spells: 4/4 levels left

rFire    + . .     SeeInvis +   t - +11 whip "Iskomuic" {slash, *Rage +Fly rElec Str+3}
rCold    x . .     Gourm    .   s - +3 buckler of Joyjeg {rElec}
rNeg     . . .     Faith    .   l - +0 chain mail
rPois    .         Spirit   .   (helmet restricted)
rElec    +         Reflect  .   (no cloak)
rCorr    .         Harm     .   (no gloves)
MR       .....     Rnd*Rage +   (no boots)
Stlth    ..........             (no amulet)
HPRegen  0.14/turn              i - ring of see invisible
MPRegen  0.09/turn              r - ring of fire

@: no status effects
A: antennae 1, thin metallic scales 1, powered by pain 1
a: Evoke Flight


You were on level 4 of the Dungeon.
You were not hungry.

You visited 1 branch of the dungeon, and saw 4 of its levels.

You collected 131 gold pieces.

Inventory:

Hand Weapons
 a - a +1 war axe
 t - the +11 whip "Iskomuic" (weapon) {slash, *Rage +Fly rElec Str+3}
   (You found it on level 4 of the Dungeon)

   It inflicts extra damage upon your enemies.
   It affects your strength (+3).
   It insulates you from electricity.
   It lets you fly.
   It may make you go berserk in combat.
Armour
 b - a +0 scale mail
 c - a +0 shield
 l - a +0 chain mail (worn)
 s - the +3 buckler of Joyjeg (worn) {rElec}
   (You found it on level 4 of the Dungeon)

   It insulates you from electricity.
Jewellery
 i - a ring of see invisible (left hand)
 r - a ring of fire (right hand)
Scrolls
 e - 7 scrolls of teleportation
 j - a scroll of fog
 k - 3 scrolls of remove curse
 p - a scroll of noise
Potions
 d - a potion of might
 g - a potion of flight {unknown}
 h - 2 potions of heal wounds {unknown}
 m - 3 potions of lignification {unknown}
 n - a potion of curing {unknown}
 q - a potion of degeneration {unknown}
Comestibles
 f - 7 rations
 o - 5 chunks of flesh


   Skills:
 + Level 3.8 Fighting
 + Level 3.8 Axes
 + Level 3.4 Armour
 + Level 0.7 Dodging
 + Level 0.3 Stealth
 + Level 3.5 Shields


You had 4 spell levels left.
You didn't know any spells.
Your spell library was empty.

Dungeon Overview and Level Annotations

Branches:
Dungeon (4/15)
 Temple: D:4-7

Altars:
Hepliaklqana
Ru
Sif Muna
Xom

Shops:
D:4 :


Innate Abilities, Weirdness & Mutations

You have a pair of small antennae on your head.
You are partially covered in thin metallic scales. (AC +2)
You sometimes gain a little power by taking damage.


Message History

An orc comes into view. It is wielding a +0 whip.
The orc shouts!
You hit the orc priest.
The orc priest is heavily wounded.
You block the orc's attack. x2; The orc priest hits you.
* * * LOW HITPOINT WARNING * * *
Your chain mail prevents you from hitting the orc priest.
The orc priest is heavily wounded.
The orc barely misses you. The orc hits you but does no damage.
The orc priest looks braver for a moment.
You hit the orc priest.
The orc priest is almost dead.
You block the orc's attack. x2
The orc priest miscasts a cantrip.
You closely miss the orc priest.
The orc priest is almost dead.
You block the orc's attack.
The orc priest invokes the aid of Beogh against you.
Pain shoots through your body!
You die...

#.. #.# #.. #
#.# .## ##.#
...###
..###.....
#oo.....#
#@#.##.#
#o.....#
###.#### ##.#
#+# ####.∩#####
#.# #.........#
#.# #.###.###.#
##.# #.# #.# #.#
#####... #.#
#.###.###.......


You could see an orc priest and 2 orcs.

Vanquished Creatures
  A hound (D:2)
  An orc priest (D:4)
  An orc wizard (D:4)
  A bullfrog skeleton (D:4)
  Terence (D:2)
  3 adders
  2 worms
  A dart slug (D:2)
  3 leopard geckos
  6 orcs
  2 ball pythons
  3 giant cockroaches
  5 hobgoblins
  7 jackals
  A quokka (D:3)
  8 bats
  4 frilled lizards
  5 goblins
  7 kobolds
  3 rats
65 creatures vanquished.

Notes
Turn   | Place    | Note
-------+----------+-------------------------------------------
     0 | D:1      | galech the Demonspawn Fighter began the quest for the Orb.
     0 | D:1      | Reached XP level 1. HP: 18/18 MP: 1/1
    94 | D:1      | Gained mutation: You are partially covered in thin metallic
                  | scales. (AC +2) [demonic ancestry]
    94 | D:1      | Reached XP level 2. HP: 16/24 MP: 2/2
  1017 | D:2      | Found a sacrificial altar of Ru.
  1048 | D:2      | Reached XP level 3. HP: 6/29 MP: 3/3
  1351 | D:2      | Noticed Terence
  1363 | D:2      | Killed Terence
  1363 | D:2      | Gained mutation: You sometimes gain a little power by
                  | taking damage. [demonic ancestry]
  1363 | D:2      | Reached XP level 4. HP: 26/35 MP: 4/4
  2852 | D:3      | Gained mutation: You have a pair of small antennae on your
                  | head. [demonic ancestry]
  2852 | D:3      | Reached XP level 5. HP: 40/41 MP: 5/5
  2979 | D:3      | Found a deep blue altar of Sif Muna.
  3061 | D:3      | Found a shimmering altar of Xom.
  3062 | D:3      | Found a hazy altar of Hepliaklqana.
  3062 | D:3      | Noticed a hell beast
  3063 | D:3      | Noticed a spectral ugly thing
  3063 | D:3      | Noticed a hell beast
  3212 | D:4      | Got a translucent buckler
  3220 | D:4      | Got a warped whip
  3249 | D:4      | Identified the +3 buckler of Joyjeg {rElec} (You found it
                  | on level 4 of the Dungeon)
  3258 | D:4      | Identified the +11 whip "Iskomuic" {slash, *Rage +Fly rElec
                  | Str+3} (You found it on level 4 of the Dungeon)
  3362 | D:4      | Found Licoinag's Book Shoppe.
  3374 | D:4      | Killed from afar by an orc priest

Levels and vault maps discovered:
D:1:      psy_arrival_dodecagon, layout_loops_ring, eino_curves_01
D:2:      layout_basic, nicolae_ru_the_path_less_chosen, columned_hall_lemuel,
          uniq_terence
D:3:      layout_rooms, regret_index_temple_of_mockery, led_sif_pool,
          first_ration
D:4:      layout_loops_corners, serial_shops, nicolae_shop_waterfront, shop,
          shop, gup_sewer_entry_spiral

Skill      XL: |  1  2  3  4 |
---------------+-------------+-----
Axes           | 2 3 |  3.8
Shields        | 3 |  3.5
Armour         | 3 |  3.4
Fighting       | |  3.8
Dodging        | |  0.7
Stealth        | |  0.3

Action                   |  1- 3 |  4- 6 || total
-------------------------+-------+-------++-------
Melee: War axe           |   123 |   160 ||   283
       Whip              |       |     4 ||     4
  Use: Scroll            |       |     6 ||     6
  Eat: Chunk             |     1 |     7 ||     8
Armor: Scale mail        |    76 |    73 ||   149
       Chain mail        |       |     3 ||     3
Dodge: Dodged            |    32 |    54 ||    86
Block: Shield            |    70 |    96 ||   166
       Buckler           |       |     5 ||     5

Table legend:
 A = Non-vault XP
 B = Vault XP
 C = Vault XP percentage of total XP
 D = Non-vault monster count
 E = Vault monster count
 F = Vault count percentage of total count
                 A         B        C        D         E       F
            +---------+---------+-------+---------+---------+-------
      Total |     319 |      36 |  10.1 |      64 |       1 |   1.5
            +---------+---------+-------+---------+---------+-------
        D:1 |      29 |       0 |   0.0 |      17 |       0 |   0.0
        D:2 |      87 |      36 |  29.3 |      16 |       1 |   5.9
        D:3 |      70 |       0 |   0.0 |      23 |       0 |   0.0
        D:4 |     133 |       0 |   0.0 |       8 |       0 |   0.0
            +---------+---------+-------+---------+---------+-------
